 Dungeon Crawl Stone Soup version 0.22-a0-609-gfedc9ff (webtiles) character file.

206 sking99 the Ruffian (level 5, 0/44 HPs)
             Began as a Draconian Transmuter on July 10, 2018.
             Was an Initiate of Makhleb.
             Slain by an orc wizard
             ... wielding a +0 dagger
              (3 damage)
             ... on level 3 of the Dungeon.
             The game lasted 00:07:45 (4287 turns).

sking99 the Ruffian (Draconian Transmuter)          Turns: 4287, Time: 00:07:46

Health: 0/44       AC:  6    Str: 13    XL:     5   Next: 53%
Magic:  8/8        EV: 16    Int: 13    God:    Makhleb [......]
Gold:   205        SH:  0    Dex: 17    Spells: 5/8 levels left

rFire    . . .     SeeInvis +     - Unarmed
rCold    . . .     Gourm    .   (no shield)
rNeg     . . .     Faith    .   (armour unavailable)
rPois    .         Spirit   .   (helmet restricted)
rElec    .         Reflect  .   (no cloak)
rCorr    .         Harm     .   m - +0 pair of gloves
MR       .....                  (no boots)
Stlth    +++.......             (no amulet)
HPRegen  0.14/turn              q - ring of see invisible
MPRegen  0.11/turn              (no ring)

@: agile, very slightly contaminated, heavily drained
A: unfitting armour, cold-blooded, AC +5
a: Renounce Religion


You were on level 3 of the Dungeon.
You worshipped Makhleb.
Makhleb was noncommittal.
You were hungry.

You visited 1 branch of the dungeon, and saw 4 of its levels.

You collected 205 gold pieces.

Inventory:

Missiles
 a - 20 arrows
Armour
 m - a +0 pair of gloves (worn)
Jewellery
 q - a ring of see invisible (left hand)
Wands
 r - a wand of clouds (6)
Scrolls
 h - 3 scrolls of remove curse
 i - a scroll of magic mapping
 k - a scroll of fear
 l - 2 scrolls of enchant armour
 n - 2 scrolls of enchant weapon
Potions
 j - a potion of resistance
 p - a potion of mutation
Comestibles
 c - 7 rations


   Skills:
 + Level 2.9(1.3) Fighting
 + Level 2.0(0.4) Dodging
 * Level 4.9(3.1) Unarmed Combat
 - Level 2.0(0.4) Spellcasting
 + Level 3.3(1.6) Transmutations


You had 5 spell levels left.
You knew the following spells:

 Your Spells              Type           Power        Failure   Level  Hunger
a - Beastly Appendage     Tmut           #.....       16%         1    ##.....
b - Sticks to Snakes      Tmut           #.......     24%         2    ###....

Your spell library contained the following spells:

 Spells                   Type           Power        Failure   Level  Hunger
 Spider Form              Tmut/Pois      #.........   54%         3    ####...
 Blade Hands              Tmut           #.........   99%         5    ######.
 Ice Form                 Ice/Tmut       #.......     91%         4    #####..


Dungeon Overview and Level Annotations

Branches:
Dungeon (4/15)
 Temple: D:4-7

Altars:
Makhleb
Uskayaw

Annotations:
D:4 1 runed door


Innate Abilities, Weirdness & Mutations

Your plain brown scales are hard. (AC +5)
You cannot fit into any form of body armour.
You are cold-blooded and may be slowed by cold attacks.


Message History

The orc wizard casts a spell.
The orc wizard blinks!
You are too injured to fight recklessly!
The orc wizard casts a spell at you. You resist with some effort.
Things that are here:
a leather armour; a war axe The orc wizard gestures wildly while chanting.
The orc wizard blinks!
The orc wizard barely misses you.
The orc wizard gestures wildly while chanting.
The orc wizard blinks!
The orc wizard casts a spell at you. The magic dart hits you!
* * * LOW HITPOINT WARNING * * *
The orc wizard closely misses you.
The orc wizard hits you but does no damage.
You closely miss the orc wizard.
The orc wizard is severely wounded.
The orc wizard hits you with a dagger.
You die...

# ##.#.#################.# #
#.....................#
#######.....#################
............# ##########
.######.....# #........#
.......<....# #........#
.###.#...>..# #.(......# .#
#.#....[.###........# .#
#.#.##.#.....@......#
.###.#.##.#####..o.....#
.....#.##.# #........#
.#####.##.#######.###### .#
#.##.............# .#
#.##########.###.# .#####.#
#.# #.# .......# #.###.#
######## #.....#


You could see an orc wizard.

Vanquished Creatures
  An orc wizard (D:2)
  3 adders
  A gnoll (D:1)
  An ooze (D:1)
  2 worms (D:2)
  A dart slug (D:1)
  2 leopard geckos (D:2)
  3 orcs
  8 bats
  3 giant cockroaches
  8 goblins
  11 hobgoblins
  7 jackals (D:1)
  A quokka (D:3)
  A ball python skeleton (D:4)
  2 frilled lizards (D:2)
  A kobold (D:2)
  7 rats
63 creatures vanquished.

Vanquished Creatures (collateral kills)
  An ogre (D:4)
  2 orcs
  A goblin (D:2)
4 creatures vanquished.

Grand Total: 67 creatures vanquished

Notes
Turn   | Place    | Note
-------+----------+-------------------------------------------
     0 | D:1      | sking99 the Draconian Transmuter began the quest for the Orb.
     0 | D:1      | Reached XP level 1. HP: 16/16 MP: 3/3
   448 | D:1      | Reached XP level 2. HP: 14/23 MP: 5/5
   606 | D:1      | Learned a level 2 spell: Sticks to Snakes
   882 | D:1      | Reached XP level 3. HP: 28/29 MP: 6/6
  1494 | D:2      | Reached skill level 4 in Unarmed Combat
  1565 | D:2      | You fall through a shaft!
  1623 | D:2      | Reached XP level 4. HP: 31/37 MP: 1/7
  2618 | D:3      | Found a burning altar of Makhleb.
  2624 | D:3      | Became a worshipper of Makhleb the Destroyer
  3016 | D:3      | Reached XP level 5. HP: 37/42 MP: 5/8
  3292 | D:4      | Noticed an ogre
  3299 | D:4      | Killed an ogre
  3514 | D:4      | Found a hide-covered altar of Uskayaw.
  3517 | D:4      | Found a runed door.
  4287 | D:3      | Slain by an orc wizard

Vault maps used:
D:1:      dpeg_arrival_yet_another_circle, st_stairs_10
D:3:      lemuel_round_altar, first_ration
D:4:      lemuel_doored_altar, ebering_ghost_sewer_f

Skill      XL: |  1  2  3  4  5 |
---------------+----------------+-----
Fighting       | 2 |  2.9
Unarmed Combat | 4 |  4.9
Transmutations | 3 |  3.3
Dodging        | 2 |  2.0
Spellcasting   | |  2.0

Action                   |  1- 3 |  4- 6 || total
-------------------------+-------+-------++-------
Melee: Unarmed           |   154 |   120 ||   274
       Tailslap          |    15 |     9 ||    24
       Punch             |     3 |     1 ||     4
       Headbutt          |     1 |     7 ||     8
       Kick              |     4 |     8 ||    12
 Cast: Beastly Appendage |     7 |    12 ||    19
       Sticks to Snakes  |     2 |     4 ||     6
  Use: Scroll            |       |    12 ||    12
       Potion            |       |     2 ||     2
 Stab: Sleeping          |     1 |     1 ||     2
       Distracted        |       |     1 ||     1
  Eat: Chunk             |     3 |     8 ||    11
Armor: Skin              |    70 |    41 ||   111
Dodge: Dodged            |    99 |    59 ||   158

Table legend:
 A = Spawn XP
 B = Non-spawn XP
 C = Spawn XP percentage of total XP
 D = Spawn monster count
 E = Non-spawn monster count
 F = Spawn count percentage of total count
 G = Total turns spent on level
                    A         B        C        D         E        F      G
               +---------+---------+-------+---------+---------+-------+---------
         Total |       0 |     295 |   0.0 |       0 |      67 |   0.0 |  4287
               +---------+---------+-------+---------+---------+-------+---------
           D:1 |       0 |      69 |   0.0 |       0 |      29 |   0.0 |  1405
           D:2 |       0 |      84 |   0.0 |       0 |      21 |   0.0 |   967
           D:3 |       0 |      50 |   0.0 |       0 |      14 |   0.0 |  1278
           D:4 |       0 |      92 |   0.0 |       0 |       3 |   0.0 |   637
               +---------+---------+-------+---------+---------+-------+---------
